 Dungeon Crawl Stone Soup version 0.28.0-45-g0d030f2227 (webtiles) character file.

Game seed: 12418137918712344604

278 protoss039 the Shield-Bearer (level 6, -1/39 HPs)
             Began as a Gargoyle Fighter on Apr 11, 2022.
             Slain by a kobold
             ... wielding a +0 short sword
              (2 damage)
             ... in a sewer.
             The game lasted 00:05:47 (3597 turns).

protoss039 the Shield-Bearer (Gargoyle Fighter)     Turns: 3597, Time: 00:05:48

Health: -1/39      AC: 12    Str: 22      XL:     6   Next: 26%
Magic:  6/6        EV:  9    Int:  6 (8)  God:
Gold:   67         SH:  4    Dex:  9      Spells: 5/5 levels left

rFire   . . .      SeeInvis .   a - +0 flail
rCold   . . .      Faith    .   c - +0 buckler
rNeg    + . .      Spirit   .   b - +0 scale mail
rPois   ∞          Reflect  .   (no helmet)
rElec   +          Harm     .   e - +0 cloak
rCorr   .          Rampage  .   (no gloves)
Will    .....                   (no boots)
Stlth   ..........              (no amulet)
HPRegen 0.13/turn               (no ring)
MPRegen 0.10/turn               (no ring)

@: mighty, hasted, very quick
A: sickness immunity, AC +4, negative energy resistance 1, electricity
resistance, torment resistance 1, petrification resistance, mutation resistance
1
a: no special abilities


You were in a sewer.
You visited 1 branch of the dungeon, and saw 3 of its levels.
You also visited: Sewer.

You collected 67 gold pieces.

Inventory:

Hand Weapons
 a - a +0 flail (weapon)
Armour
 b - a +0 scale mail (worn)
 c - a +0 buckler (worn)
 e - a +0 cloak (worn)
Scrolls
 f - 2 scrolls of fear
 g - a scroll of immolation {unknown}
 h - a scroll of blinking {unknown}
 l - a scroll of magic mapping {unknown}
 m - a scroll of fog {unknown}
Potions
 d - 2 potions of haste


   Skills:
 + Level 4.6 Fighting
 + Level 3.5 Maces & Flails
 + Level 4.7 Armour
 + Level 4.7 Shields


You had 5 spell levels left.
You didn't know any spells.
Your spell library contained the following spells:

 Spells                   Type           Power      Damage    Failure   Level
 Beastly Appendage        Tmut           0%         N/A       85%         1
 Summon Small Mammal      Summ           0%         N/A       85%         1
 Wereblood                Tmut           0%         N/A       94%         2
 Call Canine Familiar     Summ           0%         N/A       99%         3
 Spider Form              Tmut/Pois      0%         N/A       99%         3
 Summon Guardian Golem    Hex/Summ       0%         N/A       99%         3


Dungeon Overview and Level Annotations

Branches:
Dungeon (3/15)              Sewer (1/1)

Altars:

Shops:
D:1 (   D:2 *


Innate Abilities, Weirdness & Mutations

You are immune to sickness and miasma.
Your stone body is resilient. (AC +4)
You are immune to poison.
You resist negative energy. (rN+)
You are resistant to electric shocks. (rElec)
You are resistant to unholy torment.
You are immune to petrification.
You are somewhat resistant to further mutation.


Message History

The kobold brigand hits you but does no damage.
The kobold brigand completely misses you.
Unknown command.
You miss the kobold brigand.
The kobold brigand hits you with a +0 whip.
Unknown command.
You sock the kobold brigand!
The kobold brigand is heavily wounded.
The kobold brigand hits you with a +0 whip.
Unknown command.
You closely miss the kobold brigand.
The kobold brigand is heavily wounded.
The kobold brigand hits you with a +0 whip. x2
* * * LOW HITPOINT WARNING * * *
Unknown command.
Unknown command.
It was a potion of haste.
You feel yourself speed up.
The kobold brigand hits you with a +0 whip.
* * * LOW HITPOINT WARNING * * *
Unknown command.
Unknown command.
Unknown command.
You thump the kobold brigand!
The kobold brigand is almost dead.
Unknown command.
Unknown command.
You sock the kobold brigand!
You kill the kobold brigand!
You feel your intelligence returning.
You feel your dexterity returning.
You have reached level 6!
Unknown command.
Unknown command.
It was a potion of mutation.
You feel extremely strange.
You feel genetically stable. The kobold hits you but does no damage.
Unknown command.
Unknown command.
You closely miss the kobold.
The kobold hits you with a +0 short sword.
You die...

#≈≈≈≈≈≈≈≈≈≈≈≈≈≈≈...K.≈K≈≈≈≈≈≈≈≈≈≈
#≈≈≈≈≈≈≈≈≈≈≈≈≈........≈≈≈≈≈≈≈≈≈≈≈
#≈≈≈≈≈≈≈≈≈......................≈
))...............................
#.........................##.....
#...............##.......#####...
###..###......#####.K##...######.
#### ##...######KK#####..∩# ##
##### #@KK## ##### #####


You could see 5 kobolds.

Vanquished Creatures
  A kobold brigand (Sewer)
  Crazy Yiuf (D:2)
  4 adders
  8 river rats
  A worm (D:2)
  A dart slug (D:1)
  4 endoplasms
  3 giant cockroaches
  3 goblins
  3 hobgoblins (D:2)
  12 kobolds
  3 quokkas
  7 ball pythons
  2 frilled lizards
  23 rats
76 creatures vanquished.

Notes
Turn   | Place    | Note
-------+----------+-------------------------------------------
     0 | D:1      | protoss039 the Gargoyle Fighter began the quest for the
                  | Orb.
     0 | D:1      | Reached XP level 1. HP: 14/14 MP: 1/1
    74 | D:1      | Found a faded altar of an unknown god.
   289 | D:1      | Reached XP level 2. HP: 9/19 MP: 2/2
   458 | D:1      | Found Lylacyi's Antique Weapon Emporium.
  1000 | D:2      | Found Udwoxil's Assorted Antiques.
  1064 | D:2      | Found a runed translucent door.
  1065 | D:2      | Noticed Crazy Yiuf
  1250 | D:2      | Reached XP level 3. HP: 22/23 MP: 3/3
  1798 | D:2      | Killed Crazy Yiuf
  1799 | D:2      | Reached XP level 4. HP: 12/29 MP: 4/4
  2049 | D:3      | Found a glowing drain.
  2339 | Sewer    | Entered a sewer
  2394 | Sewer    | HP: 1/29 [river rat (6)]
  2710 | Sewer    | Reached XP level 5. HP: 33/33 MP: 5/5
  3543 | Sewer    | Noticed a kobold brigand
  3593 | Sewer    | HP: 1/34 [kobold brigand/+0 whip (6)]
  3595 | Sewer    | Killed a kobold brigand
  3596 | Sewer    | Reached XP level 6. HP: 1/39 MP: 6/6
  3596 | Sewer    | Gained mutation: You are somewhat resistant to further
                  | mutation. [potion of mutation]
  3597 | Sewer    | Slain by a kobold

Illustrated notes

Levels and vault maps discovered:
D:1:      minmay_arrival_doors, layout_loops_ring,
          shapermc_ecumenical_altar_pompeii, serial_shops, shop
D:2:      layout_loops_ring, serial_shops, shop_statue, uniq_crazy_yiuf_cottage
D:3:      layout_basic, portal_sewer_entry_a, minmay_three_crescents
Sewer:    sewer_minmay_treatment

Skill      XL: |  1  2  3  4 |
---------------+-------------+-----
Shields        | 4 |  4.7
Fighting       | 4 |  4.6
Armour         | 4 |  4.7
Maces & Flails | 3 |  3.5

Action                   |  1- 3 |  4- 6 || total
-------------------------+-------+-------++-------
Melee: Flail             |    77 |   197 ||   274
  Use: Potion            |       |     7 ||     7
       Scroll            |       |     1 ||     1
Armor: Scale mail        |    35 |   151 ||   186
Dodge: Dodged            |    41 |    89 ||   130
Block: Buckler           |    13 |    48 ||    61
